Map: Красное смещение РВ

Players

Murena

  • Race: Terran Terran
  • Spawn Location: 7:00

ИИ 1 (эксперт) - Winner!

  • Race: Protoss Protoss
  • Spawn Location: 11:00

VOD

Have the link to the VOD?

Description

Time

  • Played on: March 26, 2019, 2:43 p.m.
  • Length: 5:56
Show
View Real Time Build Order
Export as new Build Order

Murena Terran 

Build Orders:  

Get SALT Encoding   

  12  0:00  SCV  
  13  0:13  SCV  
  14  0:19  Supply Depot  
  14  0:25  SCV  
  15  0:41  SCV  
  15  0:42  Barracks  
  16  0:51  Barracks  
  16  0:54  SCV  
  17  1:04  Supply Depot  
  17  1:06  SCV  
  18  1:28  Orbital Command  
  18  1:29  Marine  
  18  1:31  Refinery  
  19  1:39  Barracks  
  19  1:40  Marine  
  20  1:48  Marine  
  21  1:55  SCV  
  21  1:59  Marine  
  23  2:06  Marine  
  23  2:07  Bunker, SCV  
  25  2:18  Barracks Reactor  
  25  2:20  SCV  
  26  2:23  Supply Depot  
  26  2:24  Marine  
  26  2:27  Marine  
  28  2:31  Refinery  
  28  2:32  SCV  
  29  2:43  Barracks Reactor  
  29  2:45  Marine  
  29  2:49  SCV  
  31  2:54  Marine x2  
  33  2:59  Supply Depot  
  33  3:02  SCV  
  33  3:03  Barracks Tech Lab  
  34  3:12  Marine  
  34  3:13  Marine  
  34  3:15  SCV  
  34  3:19  Marine  
  38  3:20  Marine  
  38  3:22  Combat Shield  
  38  3:24  Marine  
  40  3:27  SCV  
  40  3:31  Marine x2  
  43  3:37  Supply Depot, Marine  
  43  3:38  Marine  
  45  3:43  Marine  
  46  3:49  SCV  
  47  3:55  Engineering Bay  
  47  3:59  Marine x2  
  47  4:00  Marine x2  
  47  4:01  Marine  
  52  4:04  SCV  
Show
View Real Time Build Order
Export as new Build Order

ИИ 1 (эксперт) Protoss - Winner!

Build Orders:  

Get SALT Encoding   

  12  0:00  Probe  
  13  0:13  Probe  
  14  0:20  Pylon  
  14  0:25  Probe  
  15  0:34  Probe  
  15  0:42  Probe  
  16  0:48  Assimilator  
  17  0:50  Gateway  
  17  0:52  Probe  
  18  1:00  Probe  
  18  1:01  Pylon  
  19  1:08  Probe  
  20  1:18  Probe  
  21  1:37  Gateway, Probe  
  21  1:38  Zealot  
  24  1:41  Cybernetics Core  
  24  1:46  Pylon  
  24  1:49  Probe  
  25  1:59  Probe  
  26  2:06  Zealot  
  26  2:07  Probe  
  28  2:11  Assimilator  
  28  2:15  Probe  
  29  2:17  Warp Gate  
  30  2:24  Adept  
  30  2:28  Probe  
  33  2:33  Adept  
  33  2:35  Pylon  
  35  2:40  Probe  
  36  2:49  Adept  
  36  2:52  Probe  
  39  3:03  Sentry  
  39  3:04  Probe  
  42  3:17  Nexus, Probe  
  43  3:21  Stalker  
  45  3:29  Probe  
  46  3:36  Robotics Facility  
  46  3:41  Probe  
  46  3:44  Pylon  
  48  4:02  Probe  
  48  4:04  Adept  
  50  4:14  Probe  
  51  4:21  Adept  
  51  4:24  Probe  
  53  4:29  Adept, Probe  
  57  4:32  Probe  
  57  4:35  Robotics Bay  
  58  4:41  Observer, Probe x2  
  61  4:48  Robotics Facility  
  61  4:53  Probe x2  
  61  4:54  Pylon  
  61  4:57  Stalker  
  59  5:01  Adept  
  59  5:05  Probe  
  50  5:20  Adept x2  
  50  5:25  Twilight Council  
  46  5:33  Stalker  
  44  5:38  Adept  
  45  5:51  Adept  
  45  5:54  Zealot  
Tags
 
Add a new tag
Caveats
  • Supply blocks, unpowered buildings, or Contaminate may cause inaccurate times.
  • Supply counts are checked every 10 seconds.